Map: Cerulean Fall LE

Players

LeFrancais - Winner!

  • Race: Zerg Zerg
  • League: Diamond
  • Spawn Location: 7:00

blitzkrieg

  • Race: Protoss Protoss
  • League: Diamond
  • Spawn Location: 1:00

VOD

Have the link to the VOD?

Description

Time

  • Played on: Nov. 17, 2018, 1:16 p.m.
  • Length: 12:30
Show
View Real Time Build Order
Export as new Build Order

LeFrancais Zerg - Winner!

Build Orders: Hatch First, Swarm Host 

Get SALT Encoding   

  12  0:01  Drone  
  13  0:17  Overlord  
  13  0:18  Drone  
  14  0:35  Drone  
  14  0:36  Drone  
  14  0:42  Drone  
  17  0:56  Hatchery  
  16  0:58  Drone  
  16  1:01  Drone  
  18  1:16  Extractor  
  18  1:18  Spawning Pool  
  17  1:56  Drone x3  
  20  2:10  Queen  
  20  2:11  Hatchery  
  20  2:14  Spine Crawler  
  20  2:15  Zergling x2  
  21  2:18  Zergling x2  
  23  2:35  Overlord  
  23  2:49  Hatchery  
  22  2:58  Drone x2  
  24  3:08  Extractor, Lair  
  24  3:12  Drone  
  24  3:13  Drone  
  25  3:24  Drone x3  
  28  3:35  Spine Crawler  
  28  3:39  Spine Crawler  
  26  4:02  Drone  
  27  4:06  Infestation Pit  
  26  4:15  Drone x2, Queen  
  30  4:18  Queen  
  30  4:20  Overlord  
  30  4:21  Overlord  
  32  4:33  Spore Crawler  
  32  4:37  Spore Crawler  
  32  4:38  Spore Crawler  
  30  4:44  Swarm Host x3  
  39  4:56  Swarm Host  
  42  5:01  Queen  
  44  5:08  Swarm Host  
  47  5:32  Swarm Host  
  50  5:37  Overlord x2  
  50  6:04  Zergling x2, Swarm Host x2  
  57  6:19  Swarm Host  
  60  6:30  Swarm Host  
  62  7:02  Drone x3  
  62  7:03  Drone  
  62  7:06  Queen  
  68  7:09  Overlord x3  
  68  7:12  Spore Crawler  
  68  7:13  Queen, Spore Crawler  
  67  7:25  Drone x2  
  67  7:27  Overlord  
  68  7:50  Queen  
  70  7:55  Drone x2  
  70  7:56  Drone x4  
  70  7:57  Drone  
  70  7:58  Drone x3  
  80  8:12  Nydus Network  
  79  8:16  Drone x3  
  79  8:17  Drone  
  81  8:31  Spore Crawler x2  
  79  8:34  Pneumatized Carapace  
  77  8:55  Zergling x2  
  78  8:58  Drone x4  
  78  8:59  Drone  
  83  9:08  Hatchery  
  82  9:20  Drone x4  
  82  9:22  Extractor  
  85  9:25  Extractor  
  85  9:27  Nydus Canal  
  80  9:39  Queen  
  80  9:43  Hatchery  
  81  9:58  Spore Crawler  
  78  10:01  Swarm Host x3  
  78  10:02  Swarm Host  
  78  10:06  Drone  
  87  10:24  Nydus Canal  
  81  10:30  Drone x2  
  83  10:47  Spore Crawler x3  
  83  10:48  Spore Crawler  
  79  10:52  Spore Crawler  
  79  10:53  Drone x2  
  79  10:54  Drone  
  81  10:57  Drone x2  
  81  11:00  Drone  
  81  11:03  Drone  
  85  11:20  Swarm Host x3  
  88  11:40  Spore Crawler  
  88  11:41  Spore Crawler  
  88  11:42  Drone  
  88  11:43  Drone x6  
  88  11:59  Spore Crawler  
  88  12:00  Spore Crawler  
  86  12:04  Drone x3  
  86  12:05  Drone  
  86  12:08  Drone  
  95  12:09  Overlord x5  
  95  12:12  Spore Crawler  
Show
View Real Time Build Order
Export as new Build Order

blitzkrieg Protoss 

Build Orders:  

Get SALT Encoding   

  12  0:00  Probe  
  13  0:13  Probe  
  14  0:19  Pylon  
  14  0:25  Probe  
  15  0:37  Probe  
  15  0:41  Forge  
  16  0:57  Pylon  
  16  1:02  Pylon  
  16  1:17  Photon Cannon  
  16  1:19  Gateway  
  16  1:21  Probe  
  17  1:27  Assimilator  
  17  1:39  Pylon  
  17  1:47  Probe  
  17  1:51  Assimilator  
  18  1:54  Assimilator  
  18  1:55  Photon Cannon  
  18  1:59  Probe  
  19  2:09  Probe  
  19  2:14  Cybernetics Core  
  20  2:17  Probe  
  21  2:27  Probe  
  22  2:39  Probe  
  22  2:41  Pylon  
  24  2:51  Probe  
  24  2:52  Stalker  
  26  3:01  Photon Cannon  
  26  3:15  Photon Cannon  
  26  3:23  Robotics Facility  
  26  3:31  Adept  
  28  3:42  Shield Battery  
  28  3:51  Pylon  
  28  3:56  Photon Cannon  
  27  4:04  Stalker  
  29  4:24  Warp Prism  
  31  4:38  Pylon  
  31  4:39  Probe  
  32  4:49  Warp Gate  
  32  4:56  Stargate  
  32  4:57  Stargate  
  32  5:00  Photon Cannon  
  30  5:37  Nexus  
  30  5:40  Phoenix  
  30  5:42  Phoenix  
  34  6:03  Phoenix  
  34  6:06  Phoenix  
  38  6:22  Phoenix  
  38  6:31  Phoenix  
  42  6:43  Assimilator  
  42  6:46  Pylon  
  38  6:56  Phoenix  
  38  7:20  Phoenix  
  40  7:58  Probe  
  41  8:07  Assimilator  
  41  8:24  Phoenix  
  41  8:25  Probe  
  43  8:33  Probe  
  45  8:42  Probe  
  45  8:45  Nexus  
  46  8:54  Probe  
  47  9:03  Pylon  
  47  9:21  Phoenix  
  49  9:24  Pylon  
  49  9:28  Forge  
  47  9:43  Phoenix  
  49  9:46  Phoenix  
  49  10:02  Probe  
  46  10:31  Phoenix  
  46  10:35  Probe  
  49  10:41  Assimilator  
  49  10:47  Probe  
  44  10:59  Probe  
  45  11:08  Phoenix  
  45  11:11  Probe  
  48  11:23  Probe, Assimilator  
  49  11:35  Probe  
  46  11:47  Probe  
  41  11:59  Probe  
  42  12:08  Cybernetics Core  
  42  12:11  Probe  
Tags
 
Add a new tag
Caveats
  • Supply blocks, unpowered buildings, or Contaminate may cause inaccurate times.
  • Supply counts are checked every 10 seconds.